 Dungeon Crawl Stone Soup version 0.30.1 (webtiles) character file.

Game seed: 14625799580452822007

358652 CrazyBamboolord the Lord of Darkness (level 21, -16/166 HPs)
             Began as a Demonspawn Necromancer on May 7, 2023.
             Was the Champion of Kikubaaqudgha.
             Demolished by an Executioner (19 damage)
             ... summoned by a dread lich
             ... on level 3 of the Crypt on July 12, 2023.
             The game lasted 04:17:22 (53048 turns).

CrazyBamboolord the Lord of Darkness (DsNe)        Turns: 53048, Time: 04:17:23

Health: -16/166    AC: 21    Str:  9    XL:     21   Next: 44%
Magic:  46/56      EV: 14    Int: 32    God:    Kikubaaqudgha [******]
Gold:   3744       SH: 14    Dex:  8    Spells: 5/64 levels left

rFire   + + +        I - staff of death
rCold   + + +        k - +4 buckler of Claustrophobia {rC+ rN+++ MP+9 Dex-4}
rNeg    + + +        Z - +4 skin of Zhor {*Englaciate rC+++ SInv}
rPois   +            E - +2 hat {Int+3}
rElec   .            r - +2 cloak {Will+}
rCorr   +            d - +2 pair of gloves of Infinity {rF+ rCorr}
SInv    +            l - +2 pair of boots {Stlth+}
Will    +....        e - amulet of Vitality {RegenMP++ Regen++}
Stlth   +++          w - ring "Zoiriudeh" {Fly rF+++ rC- rN+ Int+2}
HPRegen 2.07/turn    a - ring of Husi {rPois rC++ Will+ AC+4}
MPRegen 1.15/turn

%: no passive effects
@: about to teleport, weak-willed, flying, studying 4 skills
A: horns 2, large bone plates 2, powered by death 3, spiny 3, clumsy 1
}: 2/15 runes: barnacled, gossamer
a: Renounce Religion, Unearth Wretches, Torment


You were on level 3 of the Crypt.
You worshipped Kikubaaqudgha.
Kikubaaqudgha was exalted by your worship.
You visited 8 branches of the dungeon, and saw 38 of its levels.
You visited 1 bazaar.
You also visited: Bailey and Ice Cave.

You collected 4790 gold pieces.
You spent 1046 gold pieces at shops.

Inventory:

Missiles
 m - 6 throwing nets
Armour
 d - the +2 pair of gloves of Infinity (worn) {rF+ rCorr}
   (You found it on level 4 of the Dungeon)

   rF:        It protects you from fire.
   rCorr:     It protects you from acid and corrosion.
 k - the +4 buckler of Claustrophobia (worn) {rC+ rN+++ MP+9 Dex-4}
   (You acquired it on level 4 of the Spider Nest)

   Dex:       It affects your dexterity (-4).
   rC:        It protects you from cold.
   rN:        It renders you almost immune to negative energy.
   MP:        It affects your magic capacity (+9).
 l - a +2 pair of boots of stealth (worn)
 r - a +2 cloak of willpower (worn)
 E - a +2 hat of intelligence (worn)
 Z - the +4 skin of Zhor (worn) {*Englaciate rC+++ SInv}
   (You found it on level 2 of the Lair of Beasts)

   *Englaciate: It radiates cold, occasionally slowing all nearby creatures who
   are not resistant to cold.
   rC:        It renders you almost immune to cold.
   SInv:      It lets you see invisible.
Magical Staves
 I - a staff of death (weapon)
Jewellery
 a - the ring of Husi (right hand) {rPois rC++ Will+ AC+4}
   (You found it on level 4 of the Spider Nest)

   [ring of protection]

   AC:        It affects your AC (+4).
   rC:        It greatly protects you from cold.
   rPois:     It protects you from poison.
   Will:      It increases your willpower.
 e - the amulet of Vitality (around neck) {RegenMP++ Regen++}
   (You found it on level 1 of the Vaults)

   [amulet of magic regeneration]

   It increases your rate of magic regeneration.
   Regen:     It increases your rate of health regeneration.
 w - the ring "Zoiriudeh" (left hand) {Fly rF+++ rC- rN+ Int+2}
   (You found it on level 4 of the Vaults)

   [ring of positive energy]

   Int:       It affects your intelligence (+2).
   rF:        It renders you almost immune to fire.
   rC:        It makes you vulnerable to cold.
   rN:        It protects you from negative energy.
   Fly:       It grants you flight.
 y - the ring "Julitzyl" {rPois Int+6 Dex+5}
   (You found it on level 15 of the Dungeon)

   [ring of intelligence]

   Int:       It affects your intelligence (+6).
   Dex:       It affects your dexterity (+5).
   rPois:     It protects you from poison.
 O - a ring of magical power
 V - a ring of positive energy
 W - an amulet of reflection
Wands
 u - a wand of paralysis (8)
 C - a wand of polymorph (8)
 F - a wand of iceblast (37)
 K - a wand of digging (6)
 M - a wand of flame (37)
 P - a wand of acid (15)
 U - a wand of mindburst (6)
Scrolls
 f - 2 scrolls of torment
 g - 2 scrolls of enchant armour
 i - 7 scrolls of vulnerability
 j - 3 scrolls of silence
 o - 2 scrolls of butterflies
 p - 10 scrolls of fear
 s - 2 scrolls of magic mapping
 A - 4 scrolls of amnesia
 G - 12 scrolls of immolation
 L - 8 scrolls of fog
 N - 8 scrolls of poison
 S - 13 scrolls of teleportation
 T - a scroll of enchant weapon
 Y - 2 scrolls of brand weapon
Potions
 b - a potion of magic
 h - 12 potions of brilliance
 n - 5 potions of might
 q - 8 potions of flight
 t - 20 potions of curing
 v - a potion of resistance
 x - 5 potions of invisibility
 B - 3 potions of cancellation
 D - 9 potions of lignification
 H - 3 potions of attraction
 J - 13 potions of mutation
 Q - 7 potions of haste
 R - 3 potions of berserk rage
 X - 6 potions of ambrosia
Miscellaneous
 c - a phantom mirror


   Skills:
 - Level 14.7 Fighting
 - Level 6.2 Staves
 * Level 11.2 Dodging
 - Level 3.9 Stealth
 - Level 5.0 Shields
 * Level 22.0 Spellcasting
 - Level 6.4 Hexes
 - Level 8.7 Summonings
 * Level 24.2 Necromancy
 - Level 1.6 Transmutations
 - Level 7.0 Ice Magic
 * Level 6.3 Earth Magic
 - Level 0.6 Evocations


You had 5 spell levels left.
You knew the following spells:

 Your Spells              Type           Power      Damage    Failure   Level
a - Infestation           Necr           68%        N/A       1%          8
b - Vampiric Draining     Necr           100%       2d13      0%          3
c - Borgnjor's Vile Clut  Necr/Erth      57%        N/A       1%          5
d - Agony                 Necr           100%       N/A       0%          5
e - Dispel Undead         Necr           100%       3d31      0%          4
f - Death Channel         Necr           68%        N/A       0%          6
g - Anguish               Hex/Necr       58%        N/A       1%          4
h - Haunt                 Necr/Summ      59%        N/A       1%          7
i - Borgnjor's Revivific  Necr           68%        N/A       1%          8
j - Death's Door          Necr           68%        N/A       6%          9

Your spell library contained the following spells:

 Spells                   Type           Power      Damage    Failure   Level
 Kiss of Death            Conj/Necr      100%       2d13      0%          1
 Necrotise                Necr           100%       1d9       0%          1
 Animate Dead             Necr           100%       N/A       0%          4
 Sandblast                Erth           100%       2d20      1%          1
 Shock                    Conj/Air       100%       1d9       1%          1
 Sting                    Tmut/Pois      100%       1d8       1%          1
 Summon Small Mammal      Summ           100%       N/A       1%          1
 Cigotuvi's Dreadful Rot  Necr/Pois/Air  100%       N/A       1%          2
 Ensorcelled Hibernation  Hex/Ice        100%       N/A       1%          2
 Lesser Beckoning         Tloc           70%        N/A       1%          2
 Passwall                 Tmut/Erth      47%        N/A       1%          2
 Poisonous Vapours        Pois/Air       70%        N/A       1%          2
 Scorch                   Fire           70%        2d8       1%          2
 Call Canine Familiar     Summ           74%        N/A       1%          3
 Confusing Touch          Hex            67%        N/A       1%          3
 Dazzling Flash           Conj/Hex       100%       N/A       1%          3
 Hailstorm                Conj/Ice       55%        3d12      1%          3
 Inner Flame              Hex/Fire       54%        N/A       1%          3
 Portal Projectile        Hex/Tloc       100%       N/A       1%          3
 Stone Arrow              Conj/Erth      100%       3d13      1%          3
 Summon Guardian Golem    Hex/Summ       71%        N/A       1%          3
 Tukima's Dance           Hex            67%        N/A       1%          3
 Ice Form                 Ice/Tmut       58%        N/A       2%          4
 Summon Lightning Spire   Summ/Air       58%        N/A       2%          4
 Gell's Gravitas          Tloc           35%        N/A       3%          3
 Ignite Poison            Fire/Tmut/Pois 38%        N/A       3%          3
 Swiftness                Air            35%        N/A       3%          3
 Teleport Other           Tloc           35%        N/A       3%          3
 Volatile Blastmotes      Fire/Tloc      70%        2d15      3%          3
 Yara's Violent Unravell  Hex/Tmut       28%        3d12      7%          5
 Airstrike                Air            17%        2d(3-19)  13%         4
 Flame Wave               Conj/Fire      35%        2d10      13%         4
 Iskenderun's Mystic Bla  Conj/Tloc      35%        2d8       13%         4
 Manifold Assault         Tloc           35%        N/A       13%         4
 Olgreb's Toxic Radiance  Pois           35%        N/A       13%         4
 Passage of Golubria      Tloc           35%        N/A       13%         4
 Sticky Flame             Conj/Fire      35%        2d5       13%         4
 Freezing Cloud           Conj/Ice/Air   25%        6-21      14%         5
 Blade Hands              Tmut           22%        N/A       19%         5
 Alistair's Intoxication  Tmut/Pois      26%        N/A       26%         5
 Fireball                 Conj/Fire      17%        3d9       34%         5
 Iskenderun's Battlesphe  Conj           35%        2d9       34%         5
 Simulacrum               Ice/Necr       58%        N/A       1%          6
 Summon Cactus Giant      Summ           37%        N/A       5%          6
 Necromutation            Tmut/Necr      54%        N/A       38%         8
 Iron Shot                Conj/Erth      26%        9d6       47%         6
 Eringya's Noxious Bog    Tmut/Pois      20%        N/A       82%         6
 Spellforged Servitor     Conj/Summ      29%        N/A       88%         7
 Dispersal                Tloc           17%        N/A       89%         6
 Starburst                Conj/Fire      17%        6d6       89%         6
 Discord                  Hex            33%        N/A       99%         8
 Storm Form               Tmut/Air       20%        N/A       100%        7
 Disjunction              Tloc           17%        N/A       100%        8
 Ignition                 Fire           17%        3d7       100%        8
 Maxwell's Capacitive Co  Air            17%        ∞         100%        8


Dungeon Overview and Level Annotations

Branches:
Dungeon (15/15)            Temple (1/1) D:7            Lair (5/5) D:9
 Shoals (4/4) Lair:3       Spider (4/4) Lair:2        Slime (0/5) Lair:4
    Orc (2/2) D:12            Elf (0/3) Orc:2        Vaults (4/5) D:13
  Crypt (3/3) Vaults:2     Depths (0/4) D:15         Bailey (visited)
  IceCv (visited)
   Tomb: Crypt:3

Altars:
Dithmenos
Fedhas
Kikubaaqudgha
Makhleb
Qazlal
Ru
Uskayaw
Vehumet
Yredelemnul
Jiyva

Shops:
D:8 :   D:11 (   Orc:2 =?((   Shoals:1 *   Shoals:2 *   Vaults:3 [[

Portals:
Trove: Vaults:4 (give +2 shadow dragon scales)

Annotations:
D:12 2 transporters, Caicet's ghost, novice TrMo
D:15 exclusion: obsidian statue
Spider:2 2 transporters, opiumtea's ghost, adept DjIE


Innate Abilities, Weirdness & Mutations

You have a pair of horns on your head.
You are mostly covered in large bone plates. (SH +6)
You regenerate a lot of health from kills.
You are completely covered in sharp spines.
You are clumsy. (Dex -2)


Message History

* * * LOW HITPOINT WARNING * * *
The ancient champion casts a spell.
The ancient champion seems to speed up.
Your death scarab bites the Executioner!
The Executioner hits your death scarab!!
The Executioner hits your death scarab but does no damage.
The Executioner completely misses your death scarab.
The vampire knight hits you with a +0 long sword!
* * * LOW HITPOINT WARNING * * *
The vampire knight is wracked by anguish!
The vampire knight bites you.
* * * LOW HITPOINT WARNING * * *
The vampire knight is wracked by anguish.
Unknown command.
Unknown command.
You feel much better. The Executioner hits your death scarab!
Your death scarab is destroyed!
The curse skull rattles its jaw.
The phantasmal warrior closely misses you.
The vampire knight hits you with a +0 long sword!!
* * * LOW HITPOINT WARNING * * *
The vampire knight is wracked by anguish!!
You block the vampire knight's attack.
The vampire gestures wildly while chanting.
The vampire flickers and vanishes for a moment.
A freezing wraith opens the door.
Unknown command.
Unknown command.
Okay, then.
Okay, then.
Okay, then.
You feel much better. The phantasmal warrior hits you!!
* * * LOW HITPOINT WARNING * * *
Your willpower is stripped away!
The phantasmal warrior is wracked by anguish!!
The revenant hits you!
* * * LOW HITPOINT WARNING * * *
The Executioner hits you!!
You die...
Kikubaaqudgha rasps: "You have failed me!
Welcome... death!"

############# ########
####............ .[.....
................ ......#
#..'''W''''' ......#
#.VV@zz'+++ .$....#
#..WL1VW'V+
###...#######..zZzWz?W+
#............W'ZWzZW+
#........#..)''V.Mz.+
#........##..'+'Z)V.+
...........##..'++++'++
...........##..'+ ++ .
...........##..''''''''''..#


You could see a dread lich (fast, infested, slow), a revenant (infested), 3
vampire knights, 2 eidola, 4 ancient champions, an Executioner (summoned, fast),
2 jiangshi, 2 curse skulls, 3 phantasmal warriors, a freezing wraith (summoned,
anguished), a spectral ettin (summoned), a spectral juggernaut (summoned), a
vampire (summoned, invisible), a wraith (summoned), a shadow (summoned), a mummy
(summoned, anguished), an ettin simulacrum (summoned) and an iron dragon zombie
(summoned).

Vanquished Creatures
  Khufu (Crypt:2)
  The ghost of Ulecsuczon the Impregnable, a veteran MiGl of Hepliaklqana (Crypt:1)
  2 royal mummies (Crypt:2)
  Boris (twice) (Vaults:2 Crypt:1)
  3 liches
  A shard shrike skeleton (Crypt:2)
  2 ancient champions
  A sphinx (Vaults:1)
  A revenant (Crypt:1)
  2 tengu reavers
  Kirke (Spider:4)
  A fire giant (D:15)
  The ghost of Ettath the Severer, a journeyman HOFi of Okawaru (Shoals:2)
  A nagaraja (Vaults:1)
  3 vault wardens
  2 curse skulls
  2 ghost moths (Spider:4)
  An orc warlord (Vaults:2)
  A reaper (Crypt:3)
  An ironbound thunderhulk (Vaults:3)
  4 ironbound preservers
  A war gargoyle (Vaults:3)
  A vampire knight (Crypt:3)
  Nessos (Lair:5)
  2 dire elephants (Vaults:1)
  Snorg (D:10)
  2 jiangshi
  3 eidola
  2 merfolk javelineers
  A deep elf death mage (Crypt:2)
  2 deep elf high priests (Vaults:1)
  3 merfolk impalers
  2 yaktaur captains
  An entropy weaver (Vaults:2)
  5 great orbs of eyes
  A peacekeeper (Vaults:3)
  Josephine (D:10)
  A caustic shrike simulacrum (IceCv)
  A catoblepas (D:15)
  5 centaur warriors
  A vault guard (Vaults:4)
  2 boulder beetles
  2 ironbound frosthearts
  A jorogumo (Spider:3)
  A radroach (Spider:3)
  3 merfolk avatars
  A merfolk aquamancer (Shoals:4)
  4 two-headed ogres
  An alligator snapping turtle (Shoals:4)
  2 vampire magi (Crypt:2)
  3 orc high priests (Orc:2)
  A storm dragon zombie (Vaults:4)
  2 skysharks
  A skyshark (shapeshifter) (D:15)
  21 skeletal warriors
  Amaemon (D:8)
  5 sea snakes
  2 shadow wraiths
  6 pharaoh ants
  14 deep trolls
  2 orb spiders (Spider:3)
  A flayed ghost (Crypt:3)
  A golden dragon skeleton (Crypt:1)
  2 ironbound convokers (Vaults:2)
  2 phantasmal warriors
  A wizard (Vaults:4)
  A lindwurm (shapeshifter) (D:14)
  A steelbarb worm (Spider:2)
  3 lindwurms
  7 orc knights
  7 spriggan simulacra (IceCv)
  7 wolf spiders
  An oklob plant (Orc:2)
  Pikel (D:8)
  6 necromancers
  A deep elf pyromancer (D:15)
  21 harpies
  A tengu skeleton (Vaults:4)
  5 cyclopes
  2 manticores
  8 ugly things
  3 orc sorcerers
  3 merfolk sirens (Shoals:3)
  A moth of wrath (Spider:4)
  A stone giant skeleton (D:15)
  5 elephants (Lair:3)
  Joseph (D:8)
  A naga mage (Vaults:4)
  4 black mambas
  2 water nymphs (Shoals:4)
  An orange demon (D:8)
  A torpor snail (Lair:3)
  8 cane toads
  4 vault sentinels
  A grey draconian zombie (Crypt:2)
  An unseen horror (D:12)
  2 freezing wraiths
  8 yaktaurs
  A rime drake (Lair:2)
  An efreet (D:15)
  A redback zombie (Spider:1)
  3 anaconda simulacra (IceCv)
  4 komodo dragons
  3 ice devils (IceCv)
  A guardian mummy (D:15)
  3 tengu conjurers
  5 trolls
  2 golden dragon simulacra (IceCv)
  A spectral merfolk (Shoals:2)
  5 hornets
  A wind drake (Shoals:1)
  10 merfolk
  5 dream sheep
  6 tarantellas
  A hydra skeleton (Crypt:2)
  2 polar bears
  A raiju (Lair:5)
  Prince Ribbit (D:8)
  7 blink frogs
  A wolf spider simulacrum (D:15)
  A raiju (shapeshifter) (D:13)
  4 snapping turtles
  5 slime creatures
  9 jumping spiders
  A vampire (D:14)
  7 culicivoras
  A water elemental (Shoals:3)
  5 wraiths
  A shadow (D:8)
  A basilisk (D:14)
  7 wyverns
  A satyr skeleton (Crypt:2)
  4 hogs (Spider:4)
  22 yaks
  8 minotaur simulacra (IceCv)
  23 redbacks
  5 vampire mosquitoes
  4 wargs
  A steam dragon (D:9)
  A harpy simulacrum (IceCv)
  2 acid dragons
  3 hell hounds (Lair:5)
  15 water moccasins
  A floating eye (D:13)
  10 black bears
  35 orc warriors
  3 alligator simulacra (IceCv)
  An ice beast (D:5)
  15 centaurs
  3 ogres (Orc:1)
  15 wolves
  2 boggarts (D:15)
  A phantom (D:5)
  A kobold brigand (D:9)
  9 bullfrogs
  6 deep troll simulacra (IceCv)
  A water nymph simulacrum (Shoals:2)
  A gnoll sergeant (D:9)
  6 scorpions
  5 wights (D:7)
  A raiju zombie (Crypt:2)
  A lindwurm simulacrum (IceCv)
  22 killer bees
  3 howler monkeys
  An electric eel (Lair:3)
  3 jellies
  4 hounds
  A gnoll bouda (D:7)
  18 orc priests
  Crazy Yiuf (D:2)
  Jessica (D:2)
  3 iguanas
  A sleepcap (D:5)
  17 orc wizards
  A mummy (Crypt:2)
  5 adders
  5 gnolls
  A white imp (D:5)
  An orc zombie (Orc:1)
  3 dart slugs
  59 orcs
  6 bats (D:1)
  7 endoplasms
  2 giant cockroaches
  8 goblins
  4 hobgoblins
  6 jackals
  4 quokkas
  2 ball pythons
  A ball python skeleton (Crypt:1)
  4 frilled lizards
  2 jackal skeletons
  9 kobolds
  2 rats
792 creatures vanquished.

Vanquished Creatures (collateral kills)
  The ghost of Noaguruy the Impregnable, a veteran MiGl of Hepliaklqana (Crypt:1)
  Sojobo (Vaults:2)
  A golden dragon (Vaults:1)
  A sphinx (Vaults:1)
  A kraken (Shoals:2)
  A nagaraja (Vaults:1)
  A tengu reaver (Vaults:4)
  A fire giant (Vaults:4)
  An emperor scorpion (Spider:4)
  A frost giant (Shoals:4)
  A deep elf sorcerer (Vaults:2)
  4 vault wardens
  A very ugly thing (Vaults:1)
  2 stone giants (Vaults:2)
  4 broodmothers
  3 ghouls (Crypt:3)
  10 ironbound preservers
  A war gargoyle (Vaults:2)
  A rockslime zombie (Crypt:2)
  A deep elf demonologist (Vaults:2)
  8 dire elephants
  A deep elf annihilator (Vaults:1)
  Azrael (Orc:2)
  An eidolon (Crypt:3)
  A jiangshi (Crypt:1)
  An ettin (Vaults:1)
  2 blizzard demons (IceCv)
  A deep elf death mage (Vaults:1)
  6 yaktaur captains
  9 great orbs of eyes
  3 merfolk javelineers
  3 merfolk impalers
  4 entropy weavers
  A hydra (Lair:5)
  A peacekeeper (Vaults:2)
  10 vault guards
  An ogre mage (D:13)
  2 deep elf high priests
  A jorogumo (Spider:4)
  5 centaur warriors
  2 radroaches
  4 boulder beetles
  4 ironbound frosthearts
  A merfolk avatar (Shoals:1)
  2 merfolk aquamancers
  A satyr (Shoals:4)
  A death knight (Crypt:2)
  A deep troll earth mage (Vaults:2)
  A vampire mage (Crypt:3)
  An Orb Guardian skeleton (Crypt:3)
  2 orc high priests (Orc:1)
  A storm dragon zombie (D:15)
  2 pharaoh ants
  A bunyip zombie (Crypt:1)
  5 skeletal warriors
  A glowing orange brain (Vaults:2)
  10 sea snakes
  19 deep trolls
  4 wizards
  5 lindwurms
  8 ironbound convokers
  4 orb spiders
  15 harpies
  An obsidian statue (IceCv)
  4 steelbarb worms
  2 orc knights (Vaults:3)
  A sphinx zombie (D:15)
  A necromancer (Vaults:2)
  3 cyclopes
  5 wolf spiders
  An orc sorcerer (D:13)
  8 manticores
  10 fauns
  2 spectral merfolk (Shoals:2)
  9 ugly things
  An eleionoma zombie (Crypt:1)
  2 moths of wrath (Spider:1)
  11 vault sentinels
  9 elephants
  Maurice (Orc:2)
  A guardian serpent (Lair:5)
  A water nymph (Shoals:4)
  8 merfolk sirens
  6 demonic crawlers
  An iron dragon skeleton (Crypt:3)
  2 black mambas
  4 cane toads
  2 spectral sea snakes (Shoals:2)
  2 torpor snails
  2 naga magi (Vaults:4)
  2 komodo dragons (Lair:2)
  3 ice devils (IceCv)
  A freezing wraith (IceCv)
  19 yaktaurs
  A rime drake (shapeshifter) (D:11)
  4 rime drakes
  An anaconda simulacrum (IceCv)
  A human skeleton (Vaults:4)
  7 polar bears
  12 merfolk
  A troll (Orc:2)
  A merfolk (shapeshifter) (Vaults:1)
  A meliai (Spider:4)
  A raiju (Lair:5)
  4 wind drakes
  2 hornets
  11 tarantellas
  5 snapping turtles
  9 blink frogs
  A spectral manticore (Shoals:2)
  A hydra skeleton (Crypt:1)
  4 dream sheep (Shoals:3)
  9 slime creatures
  20 jumping spiders
  12 culicivoras
  A dire elephant simulacrum (IceCv)
  A culicivora (shapeshifter) (Vaults:1)
  2 water elementals
  2 wraiths (Crypt:2)
  8 wyverns
  38 yaks
  A minotaur simulacrum (IceCv)
  4 basilisks
  19 redbacks
  7 wargs
  A glowing shapeshifter zombie (D:15)
  8 water moccasins
  9 hell hounds
  A spectral snapping turtle (Shoals:2)
  9 orc warriors
  4 black bears (Lair:5)
  An alligator simulacrum (IceCv)
  A boggart (D:15)
  4 centaurs
  22 wolves
  An ogre (Orc:2)
  9 bullfrogs
  2 necrophages (Crypt:3)
  A deep troll simulacrum (IceCv)
  A killer bee (D:11)
  3 merfolk simulacra (Shoals:2)
  A lindwurm simulacrum (IceCv)
  A spriggan skeleton (Crypt:1)
  A howler monkey (D:7)
  9 orc priests
  7 orc wizards
  An ogre zombie (Crypt:3)
  A gnoll (D:7)
  An adder zombie (Crypt:2)
  23 orcs
  4 goblins
  A jackal (D:3)
  An orc skeleton (Crypt:2)
  A rat (D:1)
640 creatures vanquished.

Vanquished Creatures (others)
  Bai Suzhen (Spider:4)
  Saint Roka (Vaults:1)
  Rupert (D:13)
  A sphinx (Vaults:1)
  An ancient champion (Crypt:3)
  A tengu reaver (Vaults:2)
  Donald (Vaults:1)
  3 vault wardens
  4 ghost moths
  An orc warlord (Vaults:3)
  A broodmother (Spider:3)
  3 ironbound thunderhulks
  3 dire elephants
  A fire dragon (Vaults:1)
  A merfolk impaler (Shoals:2)
  A hydra (Lair:5)
  A vault guard (Vaults:1)
  A death knight (Vaults:2)
  2 satyrs
  3 merfolk aquamancers
  2 boulder beetles
  2 radroaches (Spider:1)
  2 orc high priests (Orc:2)
  A sun moth (Spider:1)
  A skyshark (Lair:2)
  2 orb spiders (Spider:3)
  A bog body (IceCv)
  An ironbound convoker (Vaults:1)
  3 deep trolls
  4 orc knights
  A wizard (Vaults:1)
  A lindwurm (Vaults:1)
  2 harpies
  A steelbarb worm (Spider:2)
  2 wolf spider zombies (Spider:4)
  3 ugly thing zombies (D:15)
  2 fauns (Shoals:1)
  A moth of wrath (Spider:4)
  3 manticores
  2 ugly things (D:15)
  3 elephants (Lair:3)
  A water nymph (Shoals:4)
  A demonic crawler (Spider:3)
  2 torpor snails
  2 rime drakes (Lair:2)
  7 redback zombies
  2 yaktaurs
  2 steelbarb worm zombies (Spider:4)
  4 centaur zombies
  2 ice devils (IceCv)
  3 meliai (Spider:4)
  6 polar bears
  5 merfolk
  A hornet (D:13)
  A wind drake (Shoals:3)
  3 tarantellas
  4 jumping spider zombies
  2 raiju (Lair:5)
  4 tarantella zombies
  2 blink frogs (Lair:3)
  A radroach zombie (Spider:3)
  6 jumping spiders
  4 culicivora zombies
  8 culicivoras
  A black mamba zombie (Lair:1)
  5 yaks
  2 fire elementals (Orc:2)
  A hog (Spider:4)
  2 redbacks (Spider:2)
  A water moccasin (Lair:5)
  2 hell hounds (Lair:5)
  2 cane toad zombies (Lair:5)
  An entropy weaver zombie (Spider:4)
  6 orc warriors
  2 black bears (Lair:5)
  5 elephant zombies
  An ogre (Orc:1)
  5 blink frog zombies
  4 wolves
  4 hell hound zombies
  4 water moccasin zombies (Lair:5)
  7 wyvern zombies
  A warg zombie (Orc:2)
  7 yak zombies
  10 wolf zombies (Lair:5)
  3 orc priests (Orc:2)
  3 orc wizards
  4 killer bee zombies (D:11)
  2 ogre zombies (Orc:1)
  2 howler monkey zombies (D:7)
  9 orcs
  55 orc zombies
  3 tentacles (Shoals:2)
299 creatures vanquished.

Grand Total: 1731 creatures vanquished

Notes
Turn   | Place    | Note
-------+----------+-------------------------------------------
     0 | D:1      | CrazyBamboolord the Demonspawn Necromancer began the quest
                  | for the Orb.
     0 | D:1      | Reached XP level 1. HP: 13/13 MP: 3/3
     4 | D:1      | Noticed an elephant
    20 | D:1      | Noticed a death yak
   242 | D:1      | Gained mutation: You have a pair of small horns on your
                  | head. [demonic ancestry]
   242 | D:1      | Reached XP level 2. HP: 20/20 MP: 0/5
  1017 | D:1      | Reached XP level 3. HP: 25/25 MP: 4/6
  1252 | D:1      | Learned a level 3 spell: Vampiric Draining
  1361 | D:2      | Reached skill level 1 in Fighting
  1445 | D:2      | Reached skill level 5 in Necromancy
  1458 | D:2      | Noticed Jessica
  1461 | D:2      | Killed Jessica
  1462 | D:2      | Reached XP level 4. HP: 32/32 MP: 3/8
  2111 | D:2      | Found a runed translucent door.
  2112 | D:2      | Noticed Crazy Yiuf
  2121 | D:2      | Killed Crazy Yiuf
  2216 | D:3      | Learned a level 4 spell: Animate Dead
  2446 | D:3      | Identified the +7 dagger of Ituse {flame, Will+}
  2814 | D:3      | Reached XP level 5. HP: 38/38 MP: 6/9
  3216 | D:4      | Noticed a centaur
  3223 | D:4      | Killed a centaur
  3378 | D:4      | Identified the +2 pair of gloves of Infinity {rF+ rCorr}
  3507 | D:4      | Reached XP level 6. HP: 42/44 MP: 4/11
  3938 | D:4      | Identified the +2 chain mail "Istrel" {rCorr Str+4}
  4351 | D:5      | Entered Level 5 of the Dungeon
  4358 | D:5      | Learned a level 5 spell: Agony
  4405 | D:5      | Reached skill level 6 in Necromancy
  4437 | D:5      | Reached XP level 7. HP: 39/51 MP: 0/14
  4621 | D:5      | Reached skill level 5 in Spellcasting
  4968 | D:5      | Reached skill level 7 in Necromancy
  5083 | D:5      | Gained mutation: You are partially covered in large bone
                  | plates. (SH +4) [demonic ancestry]
  5083 | D:5      | Reached XP level 8. HP: 46/58 MP: 1/16
  6404 | D:7      | Reached skill level 8 in Necromancy
  6484 | D:7      | Found a flagged portal.
  6499 | Bailey   | Entered a bailey
  7103 | Bailey   | Reached XP level 9. HP: 35/65 MP: 2/19
  7549 | Bailey   | Reached skill level 9 in Necromancy
  8637 | D:7      | Paralysed by a hornet for 1 turns
  8998 | D:8      | Noticed a two-headed ogre
  9011 | D:8      | Killed a two-headed ogre
  9012 | D:8      | Reached skill level 5 in Fighting
  9012 | D:8      | Reached skill level 10 in Necromancy
  9012 | D:8      | Gained mutation: You regenerate a little health from kills.
                  | [demonic ancestry]
  9012 | D:8      | Reached XP level 10. HP: 61/74 MP: 0/22
  9161 | D:8      | Found Sextotil's Book Shop.
  9168 | D:8      | Bought a book of Decay for 420 gold pieces
  9173 | D:8      | Learned a level 4 spell: Dispel Undead
  9182 | D:8      | Learned a level 6 spell: Death Channel
  9338 | D:7      | Found a staircase to the Ecumenical Temple.
  9352 | D:7      | Identified the +2 helmet "Binicw" {*Slow rN+ MP+9 Dex+6}
  9358 | Temple   | Entered the Ecumenical Temple
  9406 | Temple   | Became a worshipper of Kikubaaqudgha
 10124 | D:7      | Reached skill level 5 in Dodging
 10471 | D:8      | Noticed Amaemon
 10473 | D:8      | Noticed an orange demon
 10481 | D:8      | Killed Amaemon
 10484 | D:8      | Killed an orange demon
 10485 | D:8      | Reached skill level 1 in Staves
 10485 | D:8      | Reached skill level 11 in Necromancy
 10656 | D:8      | Noticed Joseph
 10656 | D:8      | Noticed Prince Ribbit
 10663 | D:8      | Killed Prince Ribbit
 10773 | D:8      | Killed Joseph
 10949 | D:8      | Reached skill level 10 in Spellcasting
 11120 | D:8      | Reached XP level 11. HP: 83/83 MP: 20/25
 11120 | D:8      | Reached * piety under Kikubaaqudgha
 11120 | D:8      | Received a gift from Kikubaaqudgha
 11239 | D:8      | Identified the +12 mace of Subterfuge {freeze, Contam rC+
                  | rCorr}
 11436 | D:9      | Noticed Pikel
 11453 | D:8      | Killed Pikel
 11864 | D:9      | Noticed a two-headed ogre
 11999 | D:8      | HP: 2/83 [two-headed ogre/+0 giant club (8)]
 12004 | D:8      | Killed a two-headed ogre
 12270 | D:9      | Reached skill level 12 in Necromancy
 12504 | D:9      | Found a staircase to the Lair.
 12868 | D:9      | Reached ** piety under Kikubaaqudgha
 13099 | D:9      | Found a hide-covered altar of Uskayaw.
 13361 | D:10     | Entered Level 10 of the Dungeon
 13479 | D:10     | Paralysed by a hornet for 1 turns
 13562 | D:10     | Noticed Snorg
 13570 | D:10     | Killed Snorg
 13746 | D:10     | Noticed Josephine
 13765 | D:10     | Killed Josephine
 14144 | D:10     | Noticed a two-headed ogre
 14156 | D:10     | Killed a two-headed ogre
 14835 | D:11     | Reached skill level 13 in Necromancy
 14837 | D:11     | Reached XP level 12. HP: 92/92 MP: 1/27
 14974 | D:11     | Found Marphodecw's Antique Weapon Emporium.
 15451 | D:11     | Noticed a boulder beetle
 15467 | D:11     | Killed a boulder beetle
 16136 | Lair:1   | Entered Level 1 of the Lair of Beasts
 16191 | Lair:1   | Reached *** piety under Kikubaaqudgha
 16191 | Lair:1   | Received a gift from Kikubaaqudgha
 16765 | Lair:1   | You fall into a shaft and drop 1 floor!
 16864 | Lair:1   | Learned a level 4 spell: Anguish
 16871 | Lair:1   | Learned a level 6 spell: Simulacrum
 17586 | Lair:2   | Reached skill level 1 in Hexes
 17593 | Lair:2   | Reached skill level 1 in Ice Magic
 17762 | Lair:2   | Noticed a boulder beetle
 17771 | Lair:2   | Killed a boulder beetle
 17945 | Lair:2   | Found the +4 skin of Zhor {*Englaciate rC+++ SInv}
 17963 | Lair:2   | Reached skill level 14 in Necromancy
 18001 | Lair:2   | Reached **** piety under Kikubaaqudgha
 18006 | Lair:2   | Gained mutation: You are partially covered in sharp spines.
                  | [demonic ancestry]
 18006 | Lair:2   | Reached XP level 13. HP: 83/101 MP: 25/30
 18080 | Lair:2   | Found a hole to the Spider Nest.
 19684 | Lair:3   | Reached skill level 10 in Fighting
 19957 | Lair:3   | Reached ***** piety under Kikubaaqudgha
 20425 | Lair:3   | Found a staircase to the Shoals.
 20546 | Lair:3   | Identified the +3 ring mail "Okkoizuj" {rPois Str+2}
 20944 | Lair:4   | Reached skill level 5 in Staves
 21790 | Lair:4   | Found a viscous altar of Jiyva.
 21790 | Lair:4   | Found a staircase to the Slime Pits.
 21862 | Lair:5   | Entered Level 5 of the Lair of Beasts
 22010 | Lair:5   | Noticed Nessos
 22022 | Lair:5   | Killed Nessos
 22059 | Lair:5   | Gained mutation: You are mostly covered in sharp spines.
                  | [demonic ancestry]
 22059 | Lair:5   | Reached XP level 14. HP: 111/111 MP: 1/32
 22068 | Lair:5   | Reached skill level 15 in Necromancy
 22635 | Lair:5   | Reached ****** piety under Kikubaaqudgha
 23144 | Lair:5   | Your ally Nessos died
 23857 | Lair:5   | Received a gift from Kikubaaqudgha
 23858 | Lair:5   | Upgraded the game from 0.30.0-2-g1aa4bd4387 to
                  | 0.30.0-5-g1a98f26d00
 24161 | D:12     | Found a transporter.
 24166 | D:12     | Noticed Caicet's ghost (novice TrMo)
 24231 | D:12     | Found a staircase to the Orcish Mines.
 24343 | D:12     | You fall into a shaft and drop 2 floors!
 24731 | D:12     | Found a transporter.
 24866 | D:12     | Learned a level 8 spell: Borgnjor's Revivification
 25347 | D:13     | Noticed Rupert
 25366 | D:13     | Killed Rupert
 25372 | D:13     | Reached skill level 5 in Hexes
 25646 | D:13     | Found a gate to the Vaults.
 25745 | D:13     | Paralysed by a floating eye for 3 turns
 25870 | D:13     | Paralysed by a floating eye for 4 turns
 25884 | D:13     | Paralysed by a hornet for 3 turns
 25888 | D:13     | Reached skill level 15 in Spellcasting
 25888 | D:13     | Reached skill level 1 in Summonings
 25893 | D:13     | Gained mutation: You regenerate health from kills. [demonic
                  | ancestry]
 25893 | D:13     | Reached XP level 15. HP: 67/119 MP: 0/34
 25895 | D:13     | Reached skill level 1 in Transmutations
 26196 | D:14     | Reached skill level 16 in Necromancy
 27039 | D:14     | Reached skill level 5 in Ice Magic
 27211 | Orc:1    | Entered Level 1 of the Orcish Mines
 27378 | Orc:1    | Reached skill level 1 in Shields
 27672 | Orc:2    | Entered Level 2 of the Orcish Mines
 27736 | Orc:2    | Found a staircase to the Elven Halls.
 27747 | Orc:2    | Noticed Maurice
 27760 | Orc:2    | Killed Maurice
 27766 | Orc:2    | Noticed Azrael
 27781 | Orc:2    | Killed Azrael
 29168 | Orc:2    | Found Sebbuciu's Jewellery Shoppe.
 29169 | Orc:2    | Found Goladd's Weapon Shoppe.
 29169 | Orc:2    | Found Saotusso's Magic Scroll Emporium.
 29170 | Orc:2    | Found Jesaxt's Weapon Shoppe.
 29181 | Orc:2    | Bought a scroll of butterflies for 60 gold pieces
 29962 | Orc:1    | Gained mutation: You are clumsy. (Dex -2) [a neqoxec]
 30328 | D:15     | Entered Level 15 of the Dungeon
 30662 | D:15     | Identified the ring "Julitzyl" {rPois Int+6 Dex+5}
 31211 | D:15     | Found a runed translucent door.
 31233 | D:15     | Reached skill level 5 in Shields
 31325 | D:15     | Noticed a fire giant
 31332 | D:15     | Killed a fire giant
 31365 | D:15     | Reached skill level 10 in Dodging
 31665 | D:15     | Found a staircase to the Depths.
 31697 | D:15     | Gained mutation: You are completely covered in sharp
                  | spines. [demonic ancestry]
 31697 | D:15     | Reached XP level 16. HP: 134/134 MP: 4/35
 32716 | D:14     | Upgraded the game from 0.30.0-5-g1a98f26d00 to
                  | 0.30.0-29-ga12c61a403
 32910 | Spider:1 | Entered Level 1 of the Spider Nest
 34847 | Spider:2 | Found a transporter.
 34850 | Spider:2 | Noticed opiumtea's ghost (adept DjIE)
 34851 | Spider:2 | Found a transporter.
 35327 | Spider:3 | Reached skill level 17 in Necromancy
 36573 | Spider:3 | Identified a scroll of acquirement
 37416 | Spider:4 | Entered Level 4 of the Spider Nest
 37419 | Spider:3 | Acquired the +4 buckler of Claustrophobia {rC+ rN+++ MP+9
                  | Dex-4}
 37674 | Spider:4 | Gained mutation: You regenerate a lot of health from kills.
                  | [demonic ancestry]
 37674 | Spider:4 | Reached XP level 17. HP: 140/140 MP: 0/37
 38168 | Spider:4 | Got a gossamer rune of Zot
 38169 | Spider:4 | Identified the orb "Astekkeb" {*channel, Harm Rampage
                  | Dex-3}
 38234 | Spider:4 | Noticed Bai Suzhen
 38240 | Spider:4 | Killed Bai Suzhen
 38358 | Spider:4 | Identified the +1 ring mail of Asceticism {+Inv}
 38383 | Spider:4 | Identified the ring of Husi {rPois rC++ Will+ AC+4}
 38472 | Spider:4 | Noticed Kirke
 38477 | Spider:4 | Reached skill level 18 in Necromancy
 38492 | Spider:4 | Killed Kirke
 38834 | Spider:4 | Learned a level 8 spell: Infestation
 39021 | Shoals:1 | Entered Level 1 of the Shoals
 39339 | Shoals:1 | Reached skill level 5 in Summonings
 39459 | Shoals:1 | Found Appohior's General Store.
 39465 | Shoals:1 | Bought a scroll of teleportation for 36 gold pieces
 39465 | Shoals:1 | Bought a scroll of fear for 48 gold pieces
 39465 | Shoals:1 | Bought a potion of cancellation for 96 gold pieces
 40594 | Shoals:2 | Found Pioptats's Overcharged Wands.
 40596 | Shoals:2 | Found a runed translucent gate.
 40596 | Shoals:2 | Found a runed translucent gate.
 40603 | Shoals:2 | Found a runed translucent gate.
 40615 | Shoals:2 | Noticed Ettath's ghost (journeyman HOFi)
 40626 | Shoals:2 | Killed Ettath's ghost
 40628 | Shoals:2 | Reached skill level 19 in Necromancy
 40898 | Shoals:2 | Noticed a kraken
 40918 | Shoals:2 | Killed a kraken
 41095 | Shoals:2 | Learned a level 7 spell: Haunt
 41372 | Shoals:3 | Reached XP level 18. HP: 147/147 MP: 39/39
 42084 | Shoals:4 | Entered Level 4 of the Shoals
 42135 | Shoals:4 | Found a frozen archway.
 42153 | IceCv    | Entered an ice cave
 43151 | Shoals:4 | HP: 5/147 [merfolk impaler/+8 demon trident of freezing
                  | (17)]
 43151 | Shoals:4 | HP: 1/147 [merfolk impaler/+5 trident of freezing (4)]
 43614 | Shoals:3 | Reached skill level 20 in Necromancy
 43749 | Shoals:4 | Identified the ring of Departure {AC+4 Str+6 Int-3 Dex+2}
 43980 | Shoals:4 | Identified the +0 morningstar of the Thoughtful Xalams
                  | {speed, *Rage rPois Will++ rCorr Dex+3}
 44861 | Shoals:4 | Got a barnacled rune of Zot
 45263 | Vaults:1 | Entered Level 1 of the Vaults
 45303 | Vaults:1 | Noticed Saint Roka
 45309 | Vaults:1 | Killed Saint Roka
 45313 | Vaults:1 | Found a flickering gateway to a bazaar.
 45335 | Bazaar   | Entered a bazaar
 45335 | Bazaar   | Found Bomeaty's Armour Shoppe.
 45335 | Bazaar   | Found Sodomeop's Antique Weapon Shoppe.
 45335 | Bazaar   | Found Juteped's Weapon Emporium.
 45337 | Bazaar   | Found Cuicopnui's Antique Armour Emporium.
 45348 | Bazaar   | Bought a pair of runed gloves for 150 gold pieces
 45362 | Bazaar   | Bought a +2 pair of boots of stealth for 236 gold pieces
 45683 | Vaults:1 | Gained mutation: You have a pair of horns on your head.
                  | [demonic ancestry]
 45683 | Vaults:1 | Reached XP level 19. HP: 87/153 MP: 26/42
 45805 | Vaults:1 | Reached skill level 21 in Necromancy
 46193 | Vaults:1 | Noticed Donald
 46201 | Vaults:1 | Killed Donald
 46535 | Vaults:1 | Noticed a golden dragon
 46547 | Vaults:1 | Killed a golden dragon
 46565 | Vaults:1 | Got the Treatise on Leaden Arcane Combat
 46635 | Vaults:1 | Found the amulet of Vitality {RegenMP++ Regen++}
 46981 | Vaults:2 | Noticed Boris
 46994 | Vaults:2 | Killed Boris
 47000 | Vaults:2 | Reached skill level 22 in Necromancy
 47026 | Vaults:2 | Learned a level 9 spell: Death's Door
 47344 | Vaults:2 | Noticed Sojobo
 47355 | Vaults:2 | Paralysed by an air elemental for 1 turns
 47361 | Vaults:2 | Paralysed by an air elemental for 1 turns
 47365 | Vaults:2 | Paralysed by an air elemental for 1 turns
 47381 | Vaults:2 | Killed Sojobo
 47661 | Vaults:2 | Reached XP level 20. HP: 121/160 MP: 7/44
 47719 | Vaults:2 | Learned a level 5 spell: Borgnjor's Vile Clutch
 47823 | Vaults:2 | Reached skill level 1 in Earth Magic
 48138 | Vaults:2 | Found a staircase to the Crypt.
 48400 | Vaults:2 | Upgraded the game from 0.30.0-29-ga12c61a403 to 0.30.1
 48467 | Vaults:3 | Found Geherchis's Armour Emporium.
 48539 | Vaults:3 | Found Mejenn's Armour Boutique.
 49809 | Vaults:4 | Reached skill level 23 in Necromancy
 50165 | Vaults:4 | Identified the ring "Zoiriudeh" {Fly rF+++ rC- rN+ Int+2}
 50181 | Vaults:4 | Found a portal to a secret trove of treasure.
 50460 | Vaults:4 | Identified the +0 hat "Haggol" {Harm +Inv Str-5 Dex-4}
 50472 | Vaults:4 | Found a radiant altar of Vehumet.
 50488 | Vaults:4 | Identified the +2 robe of Beogh's Approval {rPois SInv
                  | Archmagi}
 50489 | Vaults:4 | Identified the +0 robe of Dishonour {Harm Fly}
 50491 | Vaults:4 | Identified the +2 robe of Dauqos {rPois rN+++ Str+3 Dex-4}
 50511 | Vaults:4 | Identified the +0 robe of the Buccaneer {rElec rC++ Dex+2
                  | Slay-3}
 51118 | Crypt:1  | Entered Level 1 of the Crypt
 51225 | Crypt:1  | Reached skill level 5 in Earth Magic
 51381 | Crypt:1  | Gained mutation: You are mostly covered in large bone
                  | plates. (SH +6) [demonic ancestry]
 51381 | Crypt:1  | Reached XP level 21. HP: 151/166 MP: 31/46
 51431 | Crypt:1  | You are sucked into a shaft and drop 1 floor!
 51434 | Crypt:2  | Noticed a royal mummy
 51454 | Crypt:2  | Killed a royal mummy
 51454 | Crypt:2  | Noticed a royal mummy
 51459 | Crypt:2  | Killed a royal mummy
 51459 | Crypt:2  | Noticed Khufu
 51464 | Crypt:2  | Killed Khufu
 51725 | Crypt:2  | Identified the +2 cloak of Nuxo {MP+9 Str+2}
 52266 | Crypt:1  | Noticed Boris
 52271 | Crypt:1  | Killed Boris
 52277 | Crypt:1  | Reached skill level 24 in Necromancy
 52305 | Crypt:1  | Found a runed translucent gate.
 52305 | Crypt:1  | Found a runed translucent gate.
 52305 | Crypt:1  | Found a runed translucent gate.
 52313 | Crypt:1  | Noticed Ulecsuczon's ghost (veteran MiGl)
 52313 | Crypt:1  | Noticed Noaguruy's ghost (veteran MiGl)
 52763 | Crypt:1  | Killed Ulecsuczon's ghost
 52764 | Crypt:1  | Killed Noaguruy's ghost
 52860 | Crypt:3  | Entered Level 3 of the Crypt
 52946 | Crypt:3  | Found a huge runed gate.
 52946 | Crypt:3  | Found a huge runed gate.
 52946 | Crypt:3  | Found a huge runed gate.
 52949 | Crypt:3  | Found a huge runed gate.
 52950 | Crypt:3  | Found a huge runed gate.
 52950 | Crypt:3  | Found a huge runed gate.
 52950 | Crypt:3  | Found a huge runed gate.
 52952 | Crypt:3  | Found a huge runed gate.
 52953 | Crypt:3  | Found a huge runed gate.
 52953 | Crypt:3  | Found a huge runed gate.
 52999 | Crypt:3  | Found a huge runed gate.
 52999 | Crypt:3  | Found a huge runed gate.
 52999 | Crypt:3  | Found a huge runed gate.
 52999 | Crypt:3  | Found a huge runed gate.
 52999 | Crypt:3  | Found a huge runed gate.
 52999 | Crypt:3  | Found a huge runed gate.
 53000 | Crypt:3  | Found a huge runed gate.
 53001 | Crypt:3  | Found a huge runed gate.
 53002 | Crypt:3  | Found a huge runed gate.
 53039 | Crypt:3  | Noticed a dread lich
 53048 | Crypt:3  | HP: 3/166 [revenant (8)]
 53048 | Crypt:3  | Demolished by an Executioner

Illustrated notes

Levels and vault maps discovered:
D:1:      sevenhm_arrival_forest_fort_small_2, layout_loops_ring,
          hangedman_glass_teeth
D:2:      layout_basic, uniq_crazy_yiuf_cottage, uniq_jessica
D:3:      layout_loops_corners
D:4:      layout_loops_corners
D:5:      layout_basic, serial_bayou, serial_bayou_shore_a, serial_bayou_ford_a,
          serial_bayou_pond_b, serial_bayou_lake_a, kennysheep_generic_room_13
D:6:      layout_basic
D:7:      layout_loops_ring, minmay_temple_entry_statues_fountains,
          enter_bailey_4
D:8:      layout_basic, serial_shops, shop, minmay_sticks_and_stones,
          uniq_amaemon, uniq_prince_ribbit1
D:9:      layout_loops_ring, nicolae_uskayaw_dance_studio,
          due_lair_maze_entry_diamond, uniq_pikel
D:10:     layout_roguey, uniq_josephine, uniq_snorg
D:11:     layout_loops_cross, serial_shops, shop, minmay_quadrilaterals
D:12:     layout_gridville, david_orc_3, gammafunk_ghost_berserking_beasts
D:13:     hellmonk_paralyzer, layout_irregular_city, david_vaults_1, uniq_rupert
D:14:     layout_rooms, minivault_11, roderic_filled_cross
D:15:     gammafunk_depths_entry_grave, layout_layer_cave, minivault_15,
          minivault_13
Temple:   minmay_crystal_snake_temple
Lair:1:   layout_regular_city
Lair:2:   layout_layer_cave, hellmonk_spider_entry_life_and_decay,
          hellmonk_guarded_unrand_zhor
Lair:3:   layout_cave_pods, minmay_shoals_entry_hut, beast_lair_carwin_10
Lair:4:   layout_regular_city, dpeg_slime_entry_enclosed
Lair:5:   hangedman_lair_caniforms_friends, layout_regular_city,
          hangedman_lair_tendril_chambers, minmay_hedge_maze, uniq_nessos
Shoals:1: cheibrodos_shoals_three_sisters, layout_shoals, serial_shops,
          nicolae_shop_just_a_little_nook
Shoals:2: layout_shoals, gammafunk_ghost_necromancy,
          nicolae_shoals_lost_giant_pillars, nicolae_shop_overcharged_wands
Shoals:3: layout_shoals
Shoals:4: shoals_end_grunt_ice, layout_shoals,
          portal_ice_cave_entry_pillars_four
Spider:1: layout_cave_pods, nicolae_spider_moth_buddies
Spider:2: layout_spider_delve, gammafunk_ghost_mausoleum
Spider:3: layout_chambers, nicolae_spider_orb_run
Spider:4: grunt_spider_rune_parallel, uniq_kirke, uniq_bai_suzhen
Orc:1:    layout_caves, basic_altar
Orc:2:    st_orc_pillars, layout_caves, mines3_lemuel, uniq_azrael, uniq_maurice
Vaults:1: nicolae_vaults_double_plus_3, nicolae_vaults_mini_display_case,
          nicolae_vaults_prndl, vaults_room_corners, st_greater_box_4,
          nicolae_vaults_six-pack, grunt_vaults_focal,
          nicolae_vaults_tetromino_Z_1, nicolae_vaults_little_squares_3,
          nicolae_vaults_yaktaur_gun_rack, nicolae_vaults_border_crossing,
          nicolae_vaults_tetromino_L_1, nicolae_vaults_alarming,
          layout_vaults_omnicross, serial_shops, bzr_entry_customers,
          uniq_saint_roka, uniq_donald
Vaults:2: nicolae_vaults_shrinking_rooms_1, minmay_crypt_entry_simple_box,
          nicolae_vaults_library_corner, hangedman_vaults_snaps,
          nicolae_vaults_network_s, vaults_dpeg_diagonal, ontoclasm_vaults_spin,
          nicolae_vaults_arrows, nicolae_vaults_angled_halls,
          nicolae_vaults_trapezoid_lopsided_4, ontoclasm_vaults_eye,
          vaults_room_grid, v_misc_23, layout_vaults_omnibox, uniq_boris,
          uniq_sojobo
Vaults:3: nicolae_vaults_circle_grid_a, vaults_standard_mumra_enter_the_diamond,
          ontoclasm_vaults_idyll, ontoclasm_vaults_ring_square,
          nicolae_vaults_double_plus_1, nicolae_vaults_asterisk,
          nicolae_vaults_little_squares_1,
          nicolae_vaults_taking_the_gang_shopping,
          nicolae_vaults_door_testing_chamber, vaults_room_semicircle,
          nicolae_vaults_apartment_1, layout_vaults_quadrants, serial_shops,
          shop
Vaults:4: grunt_tower_of_power, v_alt_pattern_6, v_misc_1, v_misc_15,
          grunt_vaults_diagonal, nicolae_vaults_heist,
          nicolae_vaults_twisting_passages, v_misc_22,
          nicolae_vaults_apartment_1, nicolae_vaults_house_2,
          nicolae_vaults_double_plus_1, vaults_room_hallway, layout_vaults_ring,
          enter_trove_1
Crypt:1:  layout_gridlike, gammafunk_ghost_cemetery, item_on_display_a
Crypt:2:  layout_misc_corridors, serial_sigils_hangedman_carve,
          nicolae_elevator_lobby_plus, uniq_khufu
Crypt:3:  church_of_pain_bobbens, layout_chaotic_city,
          tomb_entry_forgotten_bobbens, door_vault

Skill      XL: |  1  2  3  4  5  6  7  8  9 10 11 12 13 14 15 16 17 18 19 20 21 |
---------------+----------------------------------------------------------------+-----
Dodging        | 2 3 4 5 6 7 8 10 11 | 11.2
Fighting       | 1 2 3 5 6 8 9 10 11 14 | 14.7
Necromancy     | 5 6 7 8 10 11 13 14 15 16 17 19 20 22 23 24 | 24.2
Spellcasting   | 3 4 5 7 8 10 11 13 14 15 16 17 19 20 21 22 | 22.0
Stealth        | 2 3 |  3.9
Staves         | 1 3 4 5 6 |  6.2
Hexes          | 1 3 5 6 |  6.4
Ice Magic      | 1 3 4 5 6 7 |  7.0
Summonings     | 1 4 5 7 8 |  8.7
Transmutations | 1 |  1.6
Shields        | 5 |  5.0
Earth Magic    | 5 6 |  6.3
Evocations     | |  0.6

Action                     |  1- 3 |  4- 6 |  7- 9 | 10-12 | 13-15 | 16-18 | 19-21 || total
---------------------------+-------+-------+-------+-------+-------+-------+-------++-------
  Melee: Dagger            |    11 |    23 |    20 |     4 |       |       |       ||    58
         Headbutt          |       |     9 |     2 |    66 |   224 |   177 |    56 ||   534
         Staff             |       |       |       |   202 |   837 |   547 |   145 ||  1731
         Punch             |       |       |       |     4 |     7 |       |       ||    11
   Cast: Necrotise         |    52 |    79 |   262 |   179 |     1 |       |       ||   573
         Vampiric Draining |       |     7 |    26 |   102 |   102 |    84 |    37 ||   358
         Animate Dead      |       |       |     3 |    11 |    17 |    14 |       ||    45
         Agony             |       |       |     4 |    42 |    57 |    67 |    80 ||   250
         Dispel Undead     |       |       |       |    14 |    44 |    53 |    88 ||   199
         Death Channel     |       |       |       |     7 |    33 |    30 |    12 ||    82
         Anguish           |       |       |       |     7 |    63 |   170 |    54 ||   294
         Simulacrum        |       |       |       |     1 |    10 |     1 |       ||    12
         Infestation       |       |       |       |       |       |   122 |   146 ||   268
         Haunt             |       |       |       |       |       |     9 |    25 ||    34
         Borgnjor's Vile C |       |       |       |       |       |       |    43 ||    43
 Invoke: Unearth Wretches  |       |       |       |       |     1 |     2 |       ||     3
         Receive Forbidden |       |       |       |       |     1 |       |       ||     1
  Evoke: Wand              |       |       |     9 |    10 |       |    36 |     4 ||    59
    Use: Scroll            |       |     8 |     5 |     4 |    11 |    24 |     6 ||    58
         Potion            |       |     1 |     4 |     2 |     1 |     6 |     7 ||    21
   Stab: Sleeping          |     2 |       |       |     3 |     4 |     4 |     3 ||    16
         Paralysed         |       |       |     3 |     2 |     1 |     1 |       ||     7
         Distracted        |       |       |       |     1 |    18 |     8 |     1 ||    28
 Armour: Robe              |     4 |    19 |    31 |   124 |    10 |       |       ||   188
         Animal skin       |       |       |       |       |   252 |   324 |   139 ||   715
  Dodge: Dodged            |    13 |    32 |   139 |   383 |   561 |   497 |   180 ||  1805
  Block: Other             |       |       |    27 |    82 |   219 |       |       ||   328
         Reflection        |       |       |       |       |    14 |     2 |       ||    16
         Buckler           |       |       |       |       |   281 |   661 |   217 ||  1159
